 Dungeon Crawl Stone Soup version 0.21.1-1-g345015f (webtiles) character file.

17074 blaueavocado the Fighter (level 12, -1/81 HPs)
             Began as a Tengu Fighter on Apr 23, 2018.
             Was an Elder of Qazlal.
             Slain by a komodo dragon (22 damage)
             ... on level 3 of the Lair of Beasts.
             The game lasted 00:44:59 (17061 turns).

blaueavocado the Fighter (Tengu Fighter)           Turns: 17061, Time: 00:45:00

Health: -1/81      AC: 15    Str: 22    XL:     12   Next: 44%
Magic:  16/16      EV: 10    Int:  8    God:    Qazlal [****..]
Gold:   486        SH:  9    Dex: 14    Spells: 11/11 levels left

rFire    + . .     SeeInvis .   l - +1 hand axe
rCold    + . .     Gourm    .   (no shield)
rNeg     . . .     Faith    .   H - +2 plate armour
rPois    +         Spirit   .   (helmet restricted)
rElec    .         Reflect  +   N - scarf {rC+ rF+}
rCorr    .         Harm     .   (no gloves)
MR       +....                  (boots unavailable)
Stlth    ..........             o - +4 amulet of reflection
HPRegen  0.23/turn              u - ring of protection from magic
MPRegen  0.15/turn              v - ring of poison resistance

@: repel missiles
A: beak, talons 3, able to fly 1
a: Fly, Upheaval, Elemental Force, Renounce Religion


You were on level 3 of the Lair of Beasts.
You worshipped Qazlal.
Qazlal was greatly pleased with you.
You were not hungry.

You visited 3 branches of the dungeon, and saw 15 of its levels.

You collected 616 gold pieces.
You spent 130 gold pieces at shops.

Inventory:

Hand Weapons
 a - a +0 war axe
 l - a +1 hand axe (weapon)
Missiles
 J - a throwing net (quivered)
Armour
 H - a +2 plate armour (worn)
 I - a +0 troll leather armour
 N - a scarf of resistance (worn)
Jewellery
 n - an uncursed ring of positive energy
 o - a +4 amulet of reflection (around neck)
 u - a ring of protection from magic (left hand)
 v - a ring of poison resistance (right hand)
 K - an uncursed ring of resist corrosion
Wands
 k - a wand of flame (113)
 s - a wand of clouds (4)
 G - a wand of disintegration (9)
 L - a wand of random effects (30)
Scrolls
 c - a scroll of fear
 g - 6 scrolls of remove curse
 h - 5 scrolls of teleportation
 i - 2 scrolls of blinking
 j - 20 scrolls of identify
 p - 4 scrolls of enchant weapon
 w - 4 scrolls of enchant armour
 x - 2 scrolls of immolation
 y - 4 scrolls of amnesia
 D - 2 scrolls of acquirement {unknown}
 E - a scroll of fog {unknown}
 F - a scroll of noise {unknown}
 O - a scroll of magic mapping
Potions
 b - 3 potions of agility
 d - a potion of might
 e - 2 potions of haste {unknown}
 q - a potion of berserk rage
 r - a potion of brilliance
 t - 2 potions of degeneration
 z - a potion of heal wounds {unknown}
 A - a potion of lignification
 B - 2 potions of mutation {unknown}
Books
 C - a book of Callings

   Spells                             Type                      Level
   a - Summon Small Mammal            Summoning                    1
   b - Call Imp                       Summoning                    2
   c - Call Canine Familiar           Summoning                    3
   d - Summon Guardian Golem          Hexes/Summoning              3
   e - Summon Lightning Spire         Summoning/Air                4
   f - Summon Ice Beast               Ice/Summoning                4
Comestibles
 f - 19 rations
 m - 2 chunks of flesh


   Skills:
 + Level 12.1 Fighting
 - Level 12.0 Axes
 + Level 8.7 Armour
 + Level 7.9 Dodging
   Level 3.0 Shields
 * Level 5.3 Invocations


You had 11 spell levels left.
You didn't know any spells.

Dungeon Overview and Level Annotations

Branches:
Dungeon (11/15)            Temple (1/1) D:4            Lair (3/6) D:8
 Spider (0/4) Lair:2          Orc (0/2) D:10
  Swamp: Lair:2-4    Shoals: Lair:2-4

Altars:
Ashenzari
Cheibriados
Dithmenos
Elyvilon
Fedhas
Hepliaklqana
Kikubaaqudgha
Makhleb
Okawaru
Qazlal
Ru
Sif Muna
Trog
Uskayaw
Vehumet
Wu Jian
Xom
Yredelemnul
Zin

Shops:
D:10 ?

Annotations:
D:10 exclusion: ice statue


Innate Abilities, Weirdness & Mutations

You have a beak for a mouth.
You have claws for feet.
You can fly.


Message History

You are too injured to fight recklessly!
You are too injured to fight recklessly!
You are too injured to fight recklessly!
You are too injured to fight recklessly!
You are too injured to fight recklessly!
You are too injured to fight recklessly!
You slash the komodo dragon! You claw the komodo dragon.
You peck the komodo dragon.
The komodo dragon is moderately wounded.
You hear a bellow!
You closely miss the komodo dragon. You claw the komodo dragon.
The komodo dragon is moderately wounded.
The komodo dragon is engulfed in freezing vapours.
The komodo dragon bites you!!
* * * LOW HITPOINT WARNING * * *
You closely miss the komodo dragon. You claw the komodo dragon!
The komodo dragon is almost dead.
The komodo dragon is engulfed in freezing vapours.
The komodo dragon seems to slow down.
The komodo dragon bites you!!
You die...

..###................##....⌠.....
..# #...........<.....##.........
...##....................⌠...⌠.#.
...###................##........#
....##..............#.#....⌠....#
#...P#...........................
.#...P.........#§§#.....#.###....
............#..(.....##.....#..
.....#......§§@l....##......#..
............#§..#.#............
.............##.##............#
#......)...................
.###...(...................
###Y...(..............##
#.............<....##
...................#
..............#


You could see a komodo dragon and a yak.

Vanquished Creatures
  2 hydras
  A two-headed ogre (D:8)
  A centaur zombie (D:11)
  6 spiny frogs
  A komodo dragon (Lair:1)
  A troll (D:10)
  A jumping spider (Lair:2)
  A hornet (D:10)
  A polar bear (Lair:3)
  4 hippogriffs
  Sigmund (D:3)
  A wraith (D:11)
  8 yaks
  A wyvern (D:10)
  A basilisk (Lair:1)
  A warg (D:10)
  A soldier ant (D:11)
  4 water moccasins
  5 porcupines
  6 orc warriors
  A sky beast (D:7)
  3 phantoms
  2 black bears
  11 ice beasts
  6 necrophages
  9 ogres
  5 crocodiles
  4 wolves (Lair:3)
  12 centaurs
  2 big kobolds
  16 bullfrogs
  A gnoll sergeant (D:8)
  A wyvern zombie (D:9)
  A wyvern skeleton (D:9)
  6 scorpions
  2 howler monkeys
  2 electric eels (Lair:1)
  3 crimson imps
  A quasit (D:9)
  A centaur skeleton (D:6)
  3 jellies
  3 orc priests (D:9)
  A gnoll shaman (D:8)
  4 hounds
  7 orc wizards
  2 bullfrog skeletons
  6 iguanas
  13 worker ants
  A worker ant zombie (D:6)
  15 gnolls
  5 adders
  2 worms (D:2)
  A dart slug (D:3)
  3 leopard geckos
  26 orcs
  7 giant cockroaches
  10 hobgoblins
  20 jackals
  10 kobolds
  A quokka (D:3)
  A ball python (D:5)
  6 bats
  2 frilled lizards
  5 goblins
  A jackal skeleton (D:6)
  7 rats
  A fungus (Lair:3)
300 creatures vanquished.

Vanquished Creatures (others)
  A gnoll (D:4)
  A giant cockroach (D:4)
  A quokka (D:7)
  2 fungi
  4 plants
9 creatures vanquished.

Grand Total: 309 creatures vanquished

Notes
Turn   | Place    | Note
-------+----------+-------------------------------------------
     0 | D:1      | blaueavocado the Tengu Fighter began the quest for the Orb.
     0 | D:1      | Reached XP level 1. HP: 14/14 MP: 2/2
   509 | D:1      | Reached XP level 2. HP: 19/19 MP: 3/3
  1160 | D:1      | Reached XP level 3. HP: 22/23 MP: 4/4
  1289 | D:2      | Reached XP level 4. HP: 20/28 MP: 5/5
  1801 | D:2      | Noticed a big kobold
  1817 | D:2      | Killed a big kobold
  1817 | D:2      | Reached skill level 5 in Axes
  1817 | D:2      | Gained mutation: You can fly. [Tengu growth]
  1817 | D:2      | Reached XP level 5. HP: 21/33 MP: 6/6
  1984 | D:2      | Found a deep blue altar of Sif Muna.
  1986 | D:2      | Found a snail-covered altar of Cheibriados.
  2176 | D:3      | Found a bloodstained altar of Trog.
  2245 | D:3      | Found an ancient bone altar of Kikubaaqudgha.
  2313 | D:3      | Noticed Sigmund
  2333 | D:3      | Killed Sigmund
  2333 | D:3      | Reached XP level 6. HP: 32/39 MP: 7/7
  2979 | D:4      | Reached skill level 5 in Fighting
  2979 | D:4      | Reached XP level 7. HP: 17/44 MP: 8/8
  3832 | D:4      | Found a staircase to the Ecumenical Temple.
  3841 | Temple   | Entered the Ecumenical Temple
  3872 | Temple   | Became a worshipper of Qazlal Stormbringer
  4349 | D:5      | Entered Level 5 of the Dungeon
  4447 | D:5      | Found a sacrificial altar of Ru.
  4499 | D:5      | Reached XP level 8. HP: 36/51 MP: 9/9
  5622 | D:5      | Reached * piety under Qazlal
  6004 | D:6      | Found a burning altar of Makhleb.
  6004 | D:6      | Found a shimmering altar of Xom.
  6015 | D:6      | Found a glowing silver altar of Zin.
  6030 | D:6      | Reached skill level 10 in Axes
  6193 | D:6      | Found a blossoming altar of Fedhas.
  6239 | D:6      | Reached XP level 9. HP: 49/57 MP: 10/10
  7704 | D:7      | Found a white marble altar of Elyvilon.
  8806 | D:7      | Reached skill level 1 in Dodging
  9048 | D:8      | Reached ** piety under Qazlal
  9454 | D:8      | Found a deep blue altar of Sif Muna.
  9470 | D:8      | Reached XP level 10. HP: 61/65 MP: 11/11
  9679 | D:8      | Noticed a two-headed ogre
  9690 | D:8      | Killed a two-headed ogre
  9913 | D:8      | Found a staircase to the Lair.
 10530 | D:9      | Reached skill level 5 in Armour
 11340 | D:10     | Entered Level 10 of the Dungeon
 11404 | D:10     | Found Ihaorauplu's Magic Scroll Emporium.
 11409 | D:10     | Bought a scroll of identify for 26 gold pieces
 11409 | D:10     | Bought a scroll of identify for 26 gold pieces
 11409 | D:10     | Bought 2 scrolls of teleportation for 78 gold pieces
 11428 | D:10     | Noticed an ice statue
 11814 | D:10     | Reached skill level 10 in Fighting
 12224 | D:10     | Found a staircase to the Orcish Mines.
 12411 | D:10     | Reached *** piety under Qazlal
 12701 | D:10     | Reached skill level 5 in Dodging
 12738 | D:10     | Reached XP level 11. HP: 63/73 MP: 12/12
 13263 | D:11     | Noticed a manticore
 13482 | Lair:1   | Entered Level 1 of the Lair of Beasts
 13644 | Lair:1   | Reached **** piety under Qazlal
 14333 | Lair:1   | Reached skill level 1 in Invocations
 14368 | Lair:1   | HP: 3/75 [ice beast (9)]
 14759 | Lair:2   | Noticed a five-headed hydra
 15485 | Lair:2   | Reached XP level 12. HP: 56/81 MP: 15/15
 15792 | Lair:2   | Killed a five-headed hydra
 15917 | Lair:2   | Found a hole to the Spider Nest.
 16397 | Lair:3   | Noticed a six-headed hydra
 16435 | Lair:3   | Reached ***** piety under Qazlal
 16940 | Lair:3   | Reached skill level 5 in Invocations
 17025 | Lair:3   | Killed a six-headed hydra
 17061 | Lair:3   | Slain by a komodo dragon

Skill      XL: |  1  2  3  4  5  6  7  8  9 10 11 12 |
---------------+-------------------------------------+-----
Axes           | 3 5 6 8 10 11 12 | 12.0
Fighting       | 4 5 7 8 10 11 12 | 12.1
Dodging        | 2 5 7 |  7.9
Armour         | 4 6 8 |  8.7
Invocations    | 3 5 |  5.3
Shields        | |  3.0

Action                   |  1- 3 |  4- 6 |  7- 9 | 10-12 || total
-------------------------+-------+-------+-------+-------++-------
Melee: War axe           |    33 |       |       |       ||    33
       Peck              |     8 |    15 |    74 |   148 ||   245
       Kick              |    17 |    31 |   141 |   247 ||   436
       Hand axe          |    34 |    92 |   367 |   635 ||  1128
Throw: Throwing net      |       |       |     1 |       ||     1
Invok: Upheaval          |       |       |       |     3 ||     3
Evoke: Wand              |       |       |     3 |    20 ||    23
  Use: Potion            |       |     1 |     7 |     6 ||    14
       Scroll            |       |       |     3 |    17 ||    20
  Eat: Chunk             |     1 |     3 |       |     1 ||     5
       Ration            |       |     1 |     7 |     6 ||    14
Armor: Scale mail        |    41 |    27 |   100 |     1 ||   169
       Plate armour      |       |       |       |   114 ||   114
       Troll leather arm |       |       |       |    32 ||    32
       Skin              |       |       |       |    16 ||    16
Dodge: Dodged            |    37 |    38 |   117 |   224 ||   416
       Deflected         |       |       |       |    10 ||    10
Block: Other             |       |       |    48 |   242 ||   290
       Reflection        |       |       |     4 |    18 ||    22
